 Dungeon Sprint DCSS version 0.13-a0-2398-gfa67c8a (webtiles) character file.

114 JacquesDerrida the Spear-Bearer (level 4, -3/52 HPs)
             Began as a Merfolk Gladiator on July 15, 2013.
             Slain by a water elemental (15 damage)
             ... in the Dungeon (Sprint III: "The Ten Rune Challenge").
             The game lasted 00:01:21 (355 turns).

JacquesDerrida the Spear-Bearer (Merfolk Gladiator)  Turns: 355, Time: 00:01:21

HP  -3/52        AC  5     Str 20      XL: 4   Next: 25%
MP   3/3         EV 13     Int  8      God:
Gold 42          SH  0     Dex 14      Spells:  0 memorised,  3 levels left

Res.Fire  : . . .   See Invis. : .   a - +0 trident
Res.Cold  : . . .   Warding    : .   b - +0 leather armour
Life Prot.: . . .   Conserve   : .   (no shield)
Res.Poison: .       Res.Corr.  : .   c - +0 helmet
Res.Elec. : .       Clarity    : .   g - +0 cloak
Sust.Abil.: . .     Spirit.Shd : .   (no gloves)
Res.Mut.  : .       Prev.Telep.: +   (no boots)
Res.Rott. : .       Flight     : .   (no amulet)
Saprovore : . . .                    (no ring)
                                     (no ring)

@: berserking, hasted, very quick, slightly resistant to hostile enchantments,
extremely unstealthy
A: change form in water, swift swim
a: no special abilities


You were in the Dungeon.
You were not hungry.

You visited 1 branch You collected 22 gold pieces.

Inventory:

Hand weapons
 a - a +0,+0 trident (weapon)
Missiles
 d - 3 throwing nets (quivered)
Armour
 b - a +0 leather armour (worn)
 c - a +0 helmet (worn)
 g - a +0 cloak (worn)
Comestibles
 f - a bread ration
 o - 2 chokos
Scrolls
 k - 2 scrolls of blinking
 m - a scroll of immolation {unknown}
 n - a scroll of enchant weapon II {unknown}
 r - a scroll of holy word {unknown}
 s - a scroll of identify {unknown}
 t - 2 scrolls of remove curse
Potions
 e - a potion of curing
 i - 2 potions of magic
 l - 2 potions of mutation {unknown}
 p - 3 potions of cure mutation
 q - a potion of flight {unknown}
 u - a potion of brilliance {unknown}


   Skills:
 - Level 2.1 Fighting
 + Level 11.8 Polearms
 - Level 2.0 Throwing
 - Level 4.0 Dodging


You had 3 spell levels left.
You didn't know any spells.

Dungeon Overview and Level Annotations

Branches:
Dungeon (1/1)

Altars:


Message History

Ouch! That really hurt!
* * * LOW HITPOINT WARNING * * *
You are too injured to fight recklessly!
You are too injured to fight recklessly!
You are too injured to fight recklessly!
You deftly slip free of the water engulfing you.
Drink which item? (? for menu, Esc to quit)
You feel yourself speed up. The water elemental barely misses you.
Drink which item? (? for menu, Esc to quit)
A red film seems to cover your vision as you go berserk!
You feel yourself moving faster!
You feel mighty! The water elemental closely misses you.
You puncture the water elemental!
The water elemental is severely damaged.
You barely miss the water elemental.
The water elemental is severely damaged.
You barely miss the water elemental.
The water elemental is severely damaged.
The water elemental hits you!
You die...

############## ###
<.#..'.....♣♣♣♣♣.#
<.#..#......♣♣♣♣.#
#'####.....♣♣♣♣♣.#
.....#....≈.♣♣♣♣.###+#+##
.....#...≈≈♣♣♣..@#........
....(#..≈≈≈≈♣.♣..E.⌠......
####[#..≈≈≈≈≈≈♣..#...#####
.....#.≈≈≈≈≈≈....#.⌠.#
.....#.≈≈)≈≈.....#...#
.....#.≈≈≈.......#+###
'#####...........#
......%..........#
##################


You could see a water elemental.

Vanquished Creatures
  Crazy Yiuf (D)
  A human (D)
  Jessica (D)
  A grey rat (D)
  2 oozes (D)
6 creatures vanquished.

Vanquished Creatures (others)
  2 draconian scorchers (D)
  A fire drake (D)
  A plant (D)
4 creatures vanquished.

Grand Total: 10 creatures vanquished

Notes
Turn   | Place    | Note
--------------------------------------------------------------
     0 | D        | JacquesDerrida, the Merfolk Gladiator, began the quest for the Orb.
     0 | D        | Reached XP level 1. HP: 17/17 MP: 0/0
     5 | D        | Reached skill level 5 in Polearms
    10 | D        | Reached skill level 6 in Polearms
    14 | D        | Noticed Jessica
    18 | D        | Killed Jessica
    18 | D        | Reached skill level 9 in Polearms
    18 | D        | Reached XP level 2. HP: 18/23 MP: 1/1
    24 | D        | Reached XP level 3. HP: 21/28 MP: 2/2
    92 | D        | Killed a fire drake
   135 | D        | HP: 1/28 [human (5)]
   144 | D        | Reached skill level 10 in Polearms
   289 | D        | Noticed Crazy Yiuf
   297 | D        | Killed a white draconian scorcher
   307 | D        | Killed Crazy Yiuf
   307 | D        | Reached skill level 11 in Polearms
   307 | D        | Reached XP level 4. HP: 35/35 MP: 3/3
   341 | D        | Killed a white draconian scorcher
   347 | D        | Noticed a water elemental
   355 | D        | Slain by a water elemental

Action                   |  1- 3 |  4- 6 || total
-------------------------+-------+-------++-------
Melee: Trident           |    55 |     4 ||    59
  Use: Potion            |     1 |     2 ||     3
